 Dungeon Crawl Stone Soup version 0.27-a0-1278-g6cbc8dfb29 (webtiles) character file.

Game seed: 3701799933097191804

2015 spiderkeys the Skirmisher (level 9, 0/112 HPs)
             Began as a Palentonga Fighter on June 13, 2021.
             Was an Initiate of Ashenzari.
             Succumbed to a killer bee's poison
             ... on level 8 of the Dungeon.
             The game lasted 00:15:31 (8561 turns).

spiderkeys the Skirmisher (Palentonga Fighter)      Turns: 8561, Time: 00:15:31

Health: 0/112      AC:  0    Str: 23    XL:     9   Next: 2%
Magic:  9/9        EV: 17    Int:  9    God:    Ashenzari [......]
Gold:   402        SH:  5    Dex: 14    Spells: 8/8 levels left

rFire    . . .     SeeInvis +   (weapon currently unavailable)
rCold    . . .     Faith    .   (shield currently unavailable)
rNeg     . . .     Spirit   .   (armour currently unavailable)
rPois    .         Reflect  +   (helmet currently unavailable)
rElec    .         Harm     .   (cloak currently unavailable)
rCorr    .         Rampage  .   (gloves currently unavailable)
Will     .....                  (no barding)
Stlth    ..........             H - amulet of reflection
HPRegen  0.28/turn              (ring currently unavailable)
MPRegen  0.11/turn              (ring currently unavailable)

@: berserking, lethally poisoned (0 -> -5), bat-form (expiring), flying, very
slightly contaminated, invisible, very quick
A: fast, flying, no casting, tiny, rugged brown scales 3, see invisible,
(deformed body), (roll 1), (armoured tail), (reflexive curl)
a: Renounce Religion, Shatter the Chains


You were on level 8 of the Dungeon.
You worshipped Ashenzari.
Ashenzari was noncommittal.
You were a bat.
You visited 2 branches of the dungeon, and saw 9 of its levels.

You collected 402 gold pieces.


Innate Abilities, Weirdness & Mutations

You are a bat.
You are tiny and dextrous.
You move quickly.
You are flying.
Your equipment is almost entirely melded.
You are incapable of wielding weapons or throwing items.
You cannot cast spells.
(You are completely covered in rugged brown scales. (AC +3, +7% HP))
You have supernaturally acute eyesight. (SInv)
((Armour fits poorly on your strangely shaped body.))
((You can roll at nearby foes to attack.))
((You have a long armoured tail.))
((You curl defensively after being hit.))


   Skills:
 + Level 6.6 Fighting
 + Level 6.2 Maces & Flails
 + Level 5.5 Armour
 + Level 5.4 Shields


You had 8 spell levels left.
You didn't know any spells.
Your spell library contained the following spells:

 Spells                   Type           Power      Damage    Failure   Level
 Corona                   Hex            0%         N/A       38%         1
 Ensorcelled Hibernation  Hex/Ice        0%         N/A       52%         2
 Confusing Touch          Hex            0%         N/A       77%         3
 Dazzling Flash           Conj/Hex       0%         N/A       77%         3
 Tukima's Dance           Hex            0%         N/A       77%         3

Inventory:

Hand Weapons
 a - a +0 flail (melded)
Missiles
 e - 188 stones
 h - 30 poisoned darts
 n - a throwing net {=f!f}
 v - 39 arrows
 x - 55 sling bullets
 C - 13 boomerangs
 G - 24 bolts
Armour
 c - a +0 kite shield (melded)
 f - the cursed +2 hat of the Bound Rationality (melded) {Melee, Fort}
   (You found it on level 1 of the Dungeon)

   It has a curse which improves the following skills: Melee Combat: Short
   Blades, Long Blades, Axes, Maces & Flails, Polearms, Staves and Unarmed
   Combat.
   Fortitude: Armour and Shields.
 k - a +1 tower shield
   (You found it on level 1 of the Dungeon)
 E - a +3 leather armour of willpower (melded)
   (You found it on level 5 of the Dungeon)
 J - a +2 pair of gloves (melded)
   (You found it on level 7 of the Dungeon)
Jewellery
 y - the ring "Xioragg" (melded) {rC+ EV+4}
   (You found it on level 4 of the Dungeon)

   [ring of evasion]

   It affects your evasion (+4).
   It protects you from cold.
 D - a +6 ring of dexterity (melded)
   (You found it on level 7 of the Dungeon)
 H - an amulet of reflection (around neck)
   (You found it on level 3 of the Dungeon)
 N - a ring of positive energy
   (You found it on level 3 of the Dungeon)
Wands
 z - a wand of iceblast (6)
   (You took it off Ijyb on level 4 of the Dungeon)
 F - a wand of digging (6)
   (You found it on level 6 of the Dungeon)
Scrolls
 g - 2 scrolls of enchant weapon
 l - 5 scrolls of identify {@r1}
 m - 3 scrolls of magic mapping {!r}
 p - a scroll of blinking {!r}
 q - a scroll of vulnerability {!r!r}
 s - 2 scrolls of teleportation {@r4}
 t - a scroll of silence {!r}
 u - a scroll of torment {!r}
 B - a scroll of fog
Potions
 b - a potion of curing {@q1}
 d - a potion of might
 j - 2 potions of invisibility
 r - a potion of ambrosia
 w - 2 potions of brilliance
 A - a potion of haste {@q3}

Dungeon Overview and Level Annotations

Branches:
Dungeon (8/15)             Temple (1/1) D:4
   Lair: D:8-11

Altars:
Ashenzari
Cheibriados
Dithmenos
Elyvilon
Fedhas
Gozag
Hepliaklqana
Kikubaaqudgha
Makhleb
Nemelex Xobeh
Okawaru
Qazlal
Sif Muna
Trog
Uskayaw
Vehumet
Wu Jian
Xom
Yredelemnul
Zin
The Shining One

Shops:
D:1 (

Portals:
Ossuary: D:8

Annotations:
D:8 Psyche

#..+ ##....
#..###K#... #
#..##..##.. .
# #..#...#
#..#.#
#..)...+ #...#
#..#yy.#
#....#
#.y##..##....#
#.y###.#....#
#yybh##....#
#.@###....##
##.##y...##
#.#....##
#...#### #..##
#K## ###


You could see Psyche, a wolf, 4 killer bees and a kobold (fleeing).


Message History

Aiming: Dig
Press: ? - help, Shift-Dir - straight line Digging in that direction won't affect any walls.
A stone wall.
Okay, then. 😨 HP[+1]
The killer bee completely misses you.
You feel much better. The killer bee stings you. x2 😮 HP[+17]
You regained 17 hp, and now have 40/75 hp.
You fade into invisibility!
The killer bee closely misses you. The killer bee misses you.
A kobold comes into view. It is wielding a +0 short sword.
You block the kobold brigand's attack. The killer bee closely misses you.
You block the kobold's attack. The killer bee closely misses you.
The kobold misses you.
You are very lightly contaminated with residual magic. 😮 HP[+1]
You hit the kobold. The killer bee stings you.
* * * LOW HITPOINT WARNING * * *
You are poisoned.
The killer bee poisons you!
The killer bee completely misses you. 😨 HP[-5]
You take 5 damage, and now have 36/75 hp.
Okay, then.
You hit the kobold.
You kill the kobold!
You feel sick. The killer bee closely misses you.
The killer bee completely misses you. The kobold completely misses you.
The killer bee barely misses you. The killer bee misses you. 😨 HP[-2]
You take 2 damage, and now have 34/75 hp.
Your transformation is almost over.
You feel sick.
The kobold throws a stone.
The stone hits you.
* * * LOW HITPOINT WARNING * * *
Things that are here:
a +0 whip; a kobold corpse; 😨 HP[-2]
You take 2 damage, and now have 32/75 hp.
The kobold brigand throws a poisoned dart.
The poisoned dart completely misses the killer bee.
The poisoned dart barely misses you.
You feel sick.
A kobold comes into view. It is wielding a +0 whip.
You block the wolf's attack. 😨 HP[-1]
You take 1 damage, and now have 31/75 hp.
As you read the scroll of fear, it crumbles to dust.
You assume a fearsome visage.
The wolf looks frightened!
Psyche looks frightened!
The killer bee looks frightened!
The kobold brigand looks frightened!
The kobold looks frightened! x4
You feel sick. 😨 HP[-1]
You take 1 damage, and now have 30/75 hp.
You feel sick.
Cornered, the wolf turns to fight!
There is an open door here.
Psyche shouts!
You hit the wolf.
You feel sick. The killer bee stings you.
* * * LOW HITPOINT WARNING * * *
You are more poisoned.
The killer bee poisons you!
Psyche hits you with a +0 dagger of chaos.
* * * LOW HITPOINT WARNING * * *
A red film seems to cover your vision as you go berserk!
You feel yourself moving faster!
You feel mighty! The wolf closely misses you.
The killer bee closely misses you. 😨 HP[+3]
You now have 112 max hp (+37).
You regained 3 hp, and now have 33/112 hp.
You closely miss the wolf.
You feel sick. Psyche closely misses you. The wolf misses you. 😨 HP[-2]
You take 2 damage, and now have 31/112 hp.
You hit the wolf.
You feel sick. The killer bee misses you. The killer bee stings you.
* * * LOW HITPOINT WARNING * * *
Psyche barely misses you. The wolf closely misses you. 😱 HP[-3]
You take 3 damage, and now have 28/112 hp.
You closely miss the wolf.
You feel sick. The killer bee closely misses you. x2
The wolf bites you!
* * * LOW HITPOINT WARNING * * *
Psyche hits you with a +0 dagger of chaos!
* * * LOW HITPOINT WARNING * * *
Psyche draws strength from your wounds! 😱 HP[-20]
You take 20 damage, and now have 8/112 hp.
You are too berserk!
You bite the wolf!
* * * LOW HITPOINT WARNING * * *
You feel sick. You block the wolf's attack.
You hit the wolf.
* * * LOW HITPOINT WARNING * * *
You feel sick. The killer bee stings you.
* * * LOW HITPOINT WARNING * * *
You block Psyche's attack. 😱 HP[-7]
You take 7 damage, and now have 1/112 hp.
You barely miss the wolf.
You die...

Skill      XL: |  1  2  3  4  5  6  7  8 |
---------------+-------------------------+-----
Armour         | 3 4 5 |  5.5
Maces & Flails | 3 4 5 6 |  6.2
Shields        | 3 4 5 |  5.4
Fighting       | 4 5 6 |  6.6

Action                   |  1- 3 |  4- 6 |  7- 9 || total
-------------------------+-------+-------+-------++-------
Melee: Flail             |    79 |   210 |   221 ||   510
       Tailslap          |     8 |    27 |    31 ||    66
       Unarmed           |       |       |    10 ||    10
Throw: Dart              |       |       |     2 ||     2
Invok: Curse Item        |       |       |     1 ||     1
 Abil: Rolling Charge    |    21 |    17 |    25 ||    63
Evoke: Wand              |       |       |     1 ||     1
  Use: Scroll            |       |     3 |     4 ||     7
       Potion            |       |     2 |     2 ||     4
Armor: Scale mail        |    31 |       |       ||    31
       Chain mail        |    14 |   100 |       ||   114
       Leather armour    |       |    18 |    88 ||   106
Dodge: Dodged            |    10 |    62 |   134 ||   206
Block: Kite shield       |    36 |   104 |   117 ||   257
       Other             |       |       |     7 ||     7
       Reflection        |       |       |     1 ||     1

Levels and vault maps discovered:
D:1:      dpeg_arrival_court, layout_rooms, serial_shops, shop
D:2:      layout_basic, hellmonk_ecumenical_altar_zigzags, uniq_jessica
D:3:      layout_loops_cross, minmay_surrounded
D:4:      layout_loops_corners, minmay_temple_entry_enclosed_plants,
          gup_sewer_entry_pipe, uniq_ijyb
D:5:      layout_rooms
D:6:      layout_loops_corners, amcnicky_mini_rare_corridor_liquid,
          minmay_lizard_king
D:7:      wander_river, layout_loops_ring
D:8:      layout_basic, erik_lair_island, nicolae_ossuary_entry_giza,
          uniq_psyche
Temple:   kilobyte_greek_temple

Notes
Turn   | Place    | Note
-------+----------+-------------------------------------------
     0 | D:1      | spiderkeys the Palentonga Fighter began the quest for the
                  | Orb.
     0 | D:1      | Reached XP level 1. HP: 19/19 MP: 1/1
     0 | D:1      | magus.rc [v1.9.10]
   206 | D:1      | Reached XP level 2. HP: 25/25 MP: 2/2
   272 | D:1      | Found Ybruivest's Weapon Emporium.
   478 | D:2      | Found a faded altar of an unknown god.
   488 | D:2      | Noticed Jessica
   490 | D:2      | Killed Jessica
   491 | D:2      | Reached XP level 3. HP: 31/31 MP: 3/3
  1023 | D:2      | Reached XP level 4. HP: 37/37 MP: 4/4
  1469 | D:3      | Reached skill level 3 in Armour
  1626 | D:3      | Reached skill level 3 in Maces & Flails
  1626 | D:3      | Reached skill level 3 in Shields
  1766 | D:3      | Reached XP level 5. HP: 19/44 MP: 5/5
  2177 | D:3      | Reached skill level 4 in Fighting
  2780 | D:4      | Found a staircase to the Ecumenical Temple.
  2928 | D:4      | Noticed Ijyb
  2936 | D:4      | Killed Ijyb
  2937 | D:4      | Reached XP level 6. HP: 32/51 MP: 6/6
  2969 | D:4      | HP: 9/51 [scorpion (8)]
  2980 | D:4      | Identified the ring "Xioragg" {rC+ EV+4}
  3818 | Temple   | Entered the Ecumenical Temple
  3916 | Temple   | Became a worshipper of Ashenzari the Shackled
  4013 | D:5      | Entered Level 5 of the Dungeon
  4206 | D:5      | Reached skill level 4 in Maces & Flails
  4483 | D:5      | Gained mutation: You curl defensively after being hit.
                  | [Palentonga growth]
  4483 | D:5      | Reached XP level 7. HP: 43/58 MP: 7/7
  4495 | D:5      | HP: 14/58 [orc (4)]
  4501 | D:5      | HP: 13/58 [orc (2)]
  4692 | D:5      | Reached skill level 4 in Armour
  5032 | D:6      | Reached skill level 5 in Fighting
  5032 | D:6      | Reached skill level 4 in Shields
  6381 | D:6      | Reached skill level 5 in Maces & Flails
  6381 | D:6      | Reached XP level 8. HP: 47/67 MP: 8/8
  6708 | D:6      | You pick up a book of Maledictions and begin reading...
  6708 | D:6      | You add the spells Corona, Ensorcelled Hibernation,
                  | Confusing Touch, Tukima's Dance and Dazzling Flash to your
                  | library.
  6916 | D:5      | Reached skill level 6 in Fighting
  6916 | D:5      | Reached skill level 5 in Armour
  7144 | D:7      | Reached skill level 5 in Shields
  7878 | D:7      | Reached skill level 6 in Maces & Flails
  8076 | D:8      | HP: 15/69 [electric eel/bolt of electricity (15)]
  8504 | D:8      | Reached XP level 9. HP: 75/75 MP: 9/9
  8518 | D:8      | Noticed Psyche
  8532 | D:8      | Found a sand-covered staircase.
  8557 | D:8      | HP: 28/112 [killer bee (2)]
  8558 | D:8      | HP: 8/112 [Psyche (8)]
  8560 | D:8      | HP: 1/112 [killer bee (6)]
  8561 | D:8      | Succumbed to a killer bee's poison

Vanquished Creatures
  2 ice beasts (D:6)
  2 sky beasts (D:6)
  3 ogres
  A phantom (D:7)
  A bullfrog (D:7)
  4 scorpions
  A water moccasin zombie (D:5)
  A wyvern skeleton (D:6)
  8 wights
  A centaur zombie (D:7)
  An orc priest (D:7)
  2 jellies
  2 bullfrog skeletons
  Jessica (D:2)
  Ijyb (D:4)
  2 iguanas
  3 orc wizards
  A hound skeleton (D:4)
  3 gnolls (D:3)
  A howler monkey skeleton (D:7)
  3 adders
  A shadow imp (D:5)
  An ufetubus (D:6)
  An adder skeleton (D:4)
  2 worms (D:2)
  A dart slug (D:3)
  16 orcs
  8 ball pythons
  7 endoplasms
  10 giant cockroaches
  7 goblins
  5 hobgoblins
  5 jackals
  9 quokkas
  2 bats (D:1)
  8 frilled lizards
  5 kobolds
  2 rats (D:1)
134 creatures vanquished.

Vanquished Creatures (others)
  3 plants (D:6)
3 creatures vanquished.

Grand Total: 137 creatures vanquished

Table legend:
 A = Non-vault XP
 B = Vault XP
 C = Vault XP percentage of total XP
 D = Non-vault monster count
 E = Vault monster count
 F = Vault count percentage of total count
                 A         B        C        D         E       F
            +---------+---------+-------+---------+---------+-------
      Total |    2742 |     137 |   4.8 |     114 |      20 |  14.9
            +---------+---------+-------+---------+---------+-------
        D:1 |      28 |       0 |   0.0 |      17 |       0 |   0.0
        D:2 |      41 |      43 |  51.2 |      20 |       4 |  16.7
        D:3 |     146 |       0 |   0.0 |      18 |       0 |   0.0
        D:4 |     269 |      52 |  16.2 |      13 |       9 |  40.9
        D:5 |     492 |       0 |   0.0 |      20 |       0 |   0.0
        D:6 |     914 |      42 |   4.4 |      10 |       7 |  41.2
        D:7 |     610 |       0 |   0.0 |      11 |       0 |   0.0
        D:8 |     242 |       0 |   0.0 |       5 |       0 |   0.0
            +---------+---------+-------+---------+---------+-------

Illustrated notes

Table legend:
 A = Kills in this place as a percentage of kills in entire the game.
 B = Kills by you in this place as a percentage of kills by you in the entire game.
 C = Kills by friends in this place as a percentage of kills by friends in the entire game.
 D = Other kills in this place as a percentage of other kills in the entire game.
 E = Experience gained in this place as a percentage of experience gained in the entire game.
 F = Experience gained in this place divided by the number of levels of this place that you have seen.
                   A       B       C       D       E      F
               +-------+-------+-------+-------+-------+----------------------
         Total | 100.0 | 100.0 |   N/A |   N/A | 100.0 | 319.9
       Dungeon | 100.0 | 100.0 |   N/A |   N/A | 100.0 | 359.9
               +-------+-------+-------+-------+-------+----------------------

Table legend: (Time is in decaauts)
 A = Elapsed time spent in this place.
 B = Non-inter-level travel time spent in this place.
 C = Inter-level travel time spent in this place.
 D = Time resting spent in this place.
 E = Time spent auto-exploring this place.
 F = Levels seen in this place.
 G = Mean time per level.
                   A        B        C        D        E       F      G
               +--------+--------+--------+--------+--------+-----+--------+
         Total |   8776 |   8040 |    736 |   1329 |   5237 |   9 |  975.1 |
       Dungeon |   8641 |   7940 |    701 |   1329 |   5149 |   8 | 1080.1 |
        Temple |    134 |     99 |     35 |      0 |     88 |   1 |  134.0 |
               +--------+--------+--------+--------+--------+-----+--------+

Top non-repeatable levels by time:
     D:6: 1875 daAuts
     D:4: 1628 daAuts
     D:7: 1216 daAuts
     D:5: 1190 daAuts
     D:3: 1140 daAuts
     D:2: 1013 daAuts
     D:1: 493 daAuts
  Temple: 134 daAuts
     D:8: 82 daAuts
